 Dungeon Crawl Stone Soup version 0.27-a0-686-gaed091b46b (webtiles) character file.

Game seed: 17168807044773052524

144 jestyr24 the Shield-Bearer (level 5, -3/47 HPs)
             Began as a Minotaur Fighter on Mar 20, 2021.
             Slain by a gnoll
             ... wielding a +0 flail
              (5 damage)
             ... on level 4 of the Dungeon.
             The game lasted 00:09:49 (2088 turns).

jestyr24 the Shield-Bearer (Minotaur Fighter)       Turns: 2088, Time: 00:09:50

Health: -3/47      AC:  7    Str: 21    XL:     5   Next: 5%
Magic:  4/4        EV:  8    Int:  5    God:
Gold:   202        SH: 10    Dex: 10    Spells: 4/4 levels left

rFire    . . .     SeeInvis .   a - +0 long sword
rCold    . . .     Faith    .   c - +0 kite shield
rNeg     . . .     Spirit   .   b - +0 scale mail
rPois    .         Reflect  .   (helmet restricted)
rElec    .         Harm     .   (no cloak)
rCorr    .         Rampage  .   (no gloves)
Will     .....                  (no boots)
Stlth    ..........             (no amulet)
HPRegen  0.15/turn              (no ring)
MPRegen  0.09/turn              (no ring)

@: about to teleport
A: horns 2, retaliatory headbutt
a: no special abilities


You were on level 4 of the Dungeon.
You visited 1 branch of the dungeon, and saw 4 of its levels.

You collected 202 gold pieces.

Inventory:

Hand Weapons
 a - a +0 long sword (weapon)
Missiles
 f - 17 poisoned darts (quivered)
Armour
 b - a +0 scale mail (worn)
 c - a +0 kite shield (worn)
 j - a +0 plate armour
Jewellery
 i - a ring of ice
Wands
 k - a wand of random effects (14)
 o - a wand of acid (10)
Scrolls
 g - a scroll of identify
 h - a scroll of immolation
 n - a scroll of enchant armour {unknown}
Potions
 d - a potion of might
 e - a potion of haste {unknown}
 l - a potion of brilliance


   Skills:
 + Level 4.6 Fighting
 - Level 2.6 Long Blades
 + Level 4.4 Armour
 + Level 1.6 Dodging
 + Level 5.2 Shields


You had 4 spell levels left.
You didn't know any spells.
Your spell library was empty.

Dungeon Overview and Level Annotations

Branches:
Dungeon (4/15)
 Temple: D:4-7

Altars:

Shops:
D:3 !


Innate Abilities, Weirdness & Mutations

You have a pair of horns on your head.
You reflexively headbutt those who attack you in melee.


Message History

You kill the adder!
You have reached level 5!
You miss the leopard gecko. You headbutt the leopard gecko.
You kill the leopard gecko!
You see here a leopard gecko corpse.
o - a wand of acid (10) 2 gnolls come into view.
The gnoll shouts! x2
A gnoll comes into view. It is wielding a +0 spear.
You slash the gnoll!
The gnoll is heavily wounded.
The gnoll hits you with a +0 flail.
The gnoll drinks a potion.
The gnoll goes berserk!
The gnoll barely misses you.
You hit the gnoll but do no damage.
The gnoll is heavily wounded.
The gnoll rages.
You hit the gnoll. Your headbutt misses the gnoll.
The gnoll is moderately wounded.
The gnoll barely misses you.
You riposte.
You slash the gnoll!
The gnoll is almost dead.
You block the gnoll's attack. The gnoll hits you with a +0 flail.
You barely miss the gnoll.
The gnoll is almost dead.
You block the gnoll's attack. The gnoll barely misses you.
The gnoll hits you with a +0 flail. x2; You block the gnoll's attack.
You hit the gnoll.
The gnoll is almost dead.
You block the gnoll's attack. The gnoll hits you with a +0 flail!
You block the gnoll's attack. The gnoll hits you with a +0 spear!
* * * LOW HITPOINT WARNING * * *
The gnoll hits you with a +0 flail.
* * * LOW HITPOINT WARNING * * *
The gnoll barely misses you. You furiously retaliate!
You headbutt the gnoll, but do no damage.
As you read the scroll labelled ACU ZOORGHOITT, it crumbles to dust.
You feel strangely unstable.
It was a scroll of teleportation.
The gnoll barely misses you.
You riposte.
You slash the gnoll!
You kill the gnoll!
The gnoll hits you with a +0 flail.
You die...

... ... #. ... #
#.#####.# .#
###.......#####.#
###.................#
#.................#
#.................####
#...............@....#
#..............g)g####
#.................#
#......†............g
#......†.......#####g#
#..........##### #
####.####### # #.# #
#.#


You could see 2 gnolls.

Vanquished Creatures
  A hound zombie (D:3)
  A gnoll (D:4)
  5 adders
  A worm (D:3)
  2 dart slugs (D:1)
  4 leopard geckos
  An orc (D:4)
  12 bats
  4 giant cockroaches
  6 goblins
  7 hobgoblins
  10 jackals
  5 quokkas
  2 frilled lizards
  4 kobolds
  A quokka zombie (D:3)
  5 rats
71 creatures vanquished.

Vanquished Creatures (others)
  15 plants (D:1)
15 creatures vanquished.

Grand Total: 86 creatures vanquished

Notes
Turn   | Place    | Note
-------+----------+-------------------------------------------
     0 | D:1      | jestyr24 the Minotaur Fighter began the quest for the Orb.
     0 | D:1      | Reached XP level 1. HP: 19/19 MP: 0/0
    33 | D:1      | Reached XP level 2. HP: 24/27 MP: 1/1
   126 | D:1      | Reached skill level 4 in Shields
   392 | D:1      | Reached XP level 3. HP: 30/33 MP: 2/2
  1070 | D:2      | Reached XP level 4. HP: 41/41 MP: 3/3
  1083 | D:2      | Reached skill level 1 in Dodging
  1116 | D:2      | You fall into a shaft and drop 2 floors!
  1213 | D:3      | Found Kezeruig's Distillery.
  1356 | D:3      | Reached skill level 5 in Shields
  2071 | D:4      | Reached XP level 5. HP: 47/47 MP: 4/4
  2087 | D:4      | HP: 2/47 [gnoll/+0 flail (1)]
  2088 | D:4      | Slain by a gnoll

Illustrated notes

Levels and vault maps discovered:
D:1:      tarquinn_simple_flora_water_d, layout_basic, serial_bayou,
          serial_bayou_pond_b, serial_bayou_pond_b, serial_bayou_crossing,
          serial_bayou_lagoon_a, amcnicky_mini_pool_small, minmay_tiny_reverse_x
D:2:      layout_loops_corners
D:3:      layout_basic, serial_shops, shop_coins, serial_undead,
          serial_undead_b, serial_undead_f, serial_undead_c, serial_undead_c
D:4:      layout_basic, serial_curves, eino_curves_03, eino_curves_01, tso_altar

Skill      XL: |  1  2  3  4 |
---------------+-------------+-----
Fighting       | 4 |  4.6
Shields        | 4 5 |  5.2
Armour         | 4 |  4.4
Dodging        | 1 |  1.6
Long Blades    | |  2.6

Action                   |  1- 3 |  4- 6 || total
-------------------------+-------+-------++-------
Melee: Long sword        |    93 |    72 ||   165
       Headbutt          |     7 |    11 ||    18
  Use: Scroll            |       |     3 ||     3
       Potion            |       |     2 ||     2
Armor: Scale mail        |    50 |    49 ||    99
Dodge: Dodged            |    37 |    30 ||    67
Block: Kite shield       |    64 |    53 ||   117
       Rpst.: Long sword |     7 |    10 ||    17

Table legend: (Time is in decaauts)
 A = Elapsed time spent in this place.
 B = Non-inter-level travel time spent in this place.
 C = Inter-level travel time spent in this place.
 D = Time resting spent in this place.
 E = Time spent auto-exploring this place.
 F = Levels seen in this place.
 G = Mean time per level.
                   A        B        C        D        E       F      G
               +--------+--------+--------+--------+--------+-----+--------+
         Total |   2193 |   2114 |     79 |      0 |   1238 |   4 |  548.2 |
       Dungeon |   2193 |   2114 |     79 |      0 |   1238 |   4 |  548.2 |
               +--------+--------+--------+--------+--------+-----+--------+

Top non-repeatable levels by time:
     D:1: 866 daAuts
     D:3: 752 daAuts
     D:2: 324 daAuts
     D:4: 249 daAuts
